 Dungeon Crawl Stone Soup version 0.22-a0-567-gff9aefc (webtiles) character file.

713 Ijustatesigmund the Shield-Bearer (level 7, -11/44 HPs)
             Began as a Gargoyle Fighter on June 29, 2018.
             Blown up by an orc (13 damage)
             ... with a wand of disintegration (10)
             ... on level 5 of the Dungeon.
             The game lasted 00:07:50 (3803 turns).

Ijustatesigmund the Shield-Bearer (GrFi)            Turns: 3803, Time: 00:07:51

Health: -11/44     AC: 15    Str: 20    XL:     7   Next: 69%
Magic:  7/7        EV:  6    Int:  8    God:
Gold:   170        SH: 10    Dex: 11    Spells: 6/6 levels left

rFire    . . .     SeeInvis .   a - +1 flail
rCold    . . .     Gourm    .   c - +0 shield
rNeg     + . .     Faith    .   b - +0 chain mail
rPois    ∞         Spirit   .   (no helmet)
rElec    +         Reflect  .   (no cloak)
rCorr    +         Harm     .   p - +0 pair of gloves
MR       .....                  (no boots)
Stlth    ..........             (no amulet)
HPRegen  0.14/turn              m - ring of resist corrosion
MPRegen  0.10/turn              (no ring)

@: hasted, very quick
A: mutation resistance 1, negative energy resistance 1, electricity resistance,
unbreathing, petrification resistance, rot immunity, AC +4
a: no special abilities


You were on level 5 of the Dungeon.
You were not hungry.

You visited 1 branch of the dungeon, and saw 5 of its levels.

You collected 170 gold pieces.

Inventory:

Hand Weapons
 a - a +1 flail (weapon)
 i - a +0 whip of venom
Armour
 b - a +0 chain mail (worn)
 c - a +0 shield (worn)
 p - a +0 pair of gloves (worn)
Jewellery
 m - a ring of resist corrosion (left hand)
Wands
 h - a wand of acid (6)
Scrolls
 d - 2 scrolls of magic mapping {unknown}
 e - 6 scrolls of teleportation
 k - a scroll of identify
 o - a scroll of immolation
 q - a scroll of amnesia
Potions
 g - a potion of agility
 j - a potion of curing
 n - a potion of haste
Comestibles
 f - 8 rations


   Skills:
 + Level 4.5 Fighting
 + Level 5.0 Maces & Flails
 + Level 5.1 Armour
 - Level 1.6 Dodging
 - Level 1.7 Stealth
 + Level 5.3 Shields


You had 6 spell levels left.
You didn't know any spells.
Your spell library contained the following spells:

 Spells                   Type           Power        Failure   Level  Hunger
 Magic Dart               Conj           #...         100%        1    ##.....
 Iskenderun's Mystic Bla  Conj           #.......     100%        4    #####..
 Fulminant Prism          Conj/Hex       #.........   100%        4    #####..
 Dazzling Spray           Conj/Hex       #.....       100%        3    ####...
 Force Lance              Conj/Tloc      #.......     100%        4    #####..
 Searing Ray              Conj           #.....       100%        2    ###....


Dungeon Overview and Level Annotations

Branches:
Dungeon (5/15)
 Temple: D:4-7

Altars:
Ashenzari
Cheibriados
Elyvilon
Fedhas

Shops:
D:4 :

Annotations:
D:2 Alabard's ghost, amateur FoFi


Innate Abilities, Weirdness & Mutations

You are resistant to torment.
Your stone body is resilient. (AC +4)
You are immune to poison.
You resist negative energy. (rN+)
You are resistant to electric shocks. (rElec)
You can survive without breathing.
You are immune to petrification.
You are immune to rotting.
You are somewhat resistant to further mutation.


Message History

The orc hits you but does no damage. The quokka barely misses you.
You closely miss the orc priest.
The orc priest is almost dead.
You block the orc priest's attack. The orc hits you but does no damage.
You block the quokka's attack. The orc hits you but does no damage.
You barely miss the orc priest.
The orc priest is almost dead.
The quokka bites you but does no damage.
You block the orc priest's attack. The orc hits you but does no damage.
You closely miss the orc priest.
The orc priest is almost dead.
The orc hits you but does no damage.
The quokka bites you but does no damage.
You sock the orc priest!
You kill the orc priest!
Your Maces & Flails skill increases to level 5!
The orc completely misses you. The quokka completely misses you.
The orc barely misses you.
The orc zaps a wand.
You are blasted!
You die...

. .###. .. .### ##.#.
.. ... ...###.## #..
#..#.. . #.# #..#.#.#
#####.# ####..#.#.##
####...#.###...........
#...oor........÷..[#
#.$.o.@..###<####..#
#..####### #.# #..# #..
... #.... # #...#
#..#.# ..... #...#..
..........###.
.......#... .
###...###..#


You could see 3 orcs and a quokka.

Vanquished Creatures
  Sigmund (D:3)
  Menkaure (D:4)
  An ogre (D:4)
  3 hounds (D:4)
  An orc priest (D:5)
  An iguana (D:4)
  A worker ant (D:4)
  4 adders
  2 oozes
  2 adder skeletons
  3 worms
  4 dart slugs
  5 leopard geckos
  8 orcs
  5 giant cockroaches
  11 hobgoblins
  19 jackals
  8 kobolds
  2 quokkas
  2 ball pythons
  6 bats
  A frilled lizard (D:5)
  11 goblins
  11 rats
113 creatures vanquished.

Vanquished Creatures (others)
  A quokka (D:4)
1 creature vanquished.

Grand Total: 114 creatures vanquished

Notes
Turn   | Place    | Note
-------+----------+-------------------------------------------
     0 | D:1      | Ijustatesigmund the Gargoyle Fighter began the quest for the Orb.
     0 | D:1      | Reached XP level 1. HP: 14/14 MP: 1/1
   196 | D:1      | Reached XP level 2. HP: 19/19 MP: 2/2
   583 | D:2      | Reached XP level 3. HP: 23/23 MP: 3/3
   593 | D:2      | Found a shattered altar of Ashenzari.
   859 | D:2      | Found a snail-covered altar of Cheibriados.
   887 | D:2      | Reached XP level 4. HP: 22/28 MP: 4/4
  1607 | D:3      | Noticed Sigmund
  1803 | D:3      | Found a runed door.
  1809 | D:3      | Noticed Alabard's ghost (amateur FoFi)
  1890 | D:3      | Killed Sigmund
  1890 | D:3      | Reached skill level 1 in Dodging
  1890 | D:3      | Reached XP level 5. HP: 24/33 MP: 5/5
  1890 | D:3      | Reached XP level 6. HP: 28/38 MP: 6/6
  2326 | D:3      | Gained mutation: You are somewhat resistant to further mutation. [potion of mutation]
  2621 | D:4      | Reached skill level 1 in Stealth
  2622 | D:4      | Noticed Menkaure
  2630 | D:4      | Killed Menkaure
  2630 | D:4      | Reached XP level 7. HP: 34/43 MP: 7/7
  2791 | D:4      | Found a blossoming altar of Fedhas.
  2892 | D:4      | Found a white marble altar of Elyvilon.
  3088 | D:4      | Reached skill level 5 in Shields
  3307 | D:4      | Found Arghuetsi's Book Boutique.
  3413 | D:4      | Reached skill level 5 in Armour
  3731 | D:5      | Entered Level 5 of the Dungeon
  3798 | D:5      | HP: 2/44 [orc/hand axe (2)]
  3802 | D:5      | Reached skill level 5 in Maces & Flails
  3803 | D:5      | Blown up by an orc

Vault maps used:
D:1:      saegor_arrival_simple_c, minmay_pentomino_z4
D:2:      evilmike_ruin_ashenzari, kennysheep_slug_shrine, first_ration
D:3:      ebering_ghost_sewer_d, uniq_sigmund
D:4:      kennysheep_mini_moat, elyvilon_altar_4, serial_shops,
          nicolae_shop_waterfront, uniq_menkaure
D:5:      temple_statues

Skill      XL: |  1  2  3  4  5  6  7 |
---------------+----------------------+-----
Shields        | 4 5 |  5.3
Maces & Flails | 4 5 |  5.0
Armour         | 4 5 |  5.1
Dodging        | 1 |  1.6
Fighting       | 4 |  4.5
Stealth        | 1 |  1.7

Action                   |  1- 3 |  4- 6 |  7- 9 || total
-------------------------+-------+-------+-------++-------
Melee: Flail             |   160 |    62 |    90 ||   312
       Whip              |       |   168 |       ||   168
Evoke: Wand              |       |     1 |     1 ||     2
  Use: Scroll            |     4 |     6 |       ||    10
       Potion            |       |     4 |     3 ||     7
  Eat: Chunk             |       |     6 |     4 ||    10
Armor: Scale mail        |   105 |   102 |    23 ||   230
       Chain mail        |       |       |    23 ||    23
Dodge: Dodged            |    63 |    63 |    29 ||   155
Block: Shield            |    91 |   103 |    64 ||   258

Table legend:
 A = Spawn XP
 B = Non-spawn XP
 C = Spawn XP percentage of total XP
 D = Spawn monster count
 E = Non-spawn monster count
 F = Spawn count percentage of total count
 G = Total turns spent on level
                    A         B        C        D         E        F      G
               +---------+---------+-------+---------+---------+-------+---------
         Total |       0 |    1019 |   0.0 |       0 |     113 |   0.0 |  3803
               +---------+---------+-------+---------+---------+-------+---------
           D:1 |       0 |      33 |   0.0 |       0 |      21 |   0.0 |   576
           D:2 |       0 |     100 |   0.0 |       0 |      32 |   0.0 |  1267
           D:3 |       0 |     315 |   0.0 |       0 |      40 |   0.0 |   742
           D:4 |       0 |     525 |   0.0 |       0 |      17 |   0.0 |  1146
           D:5 |       0 |      46 |   0.0 |       0 |       3 |   0.0 |    72
               +---------+---------+-------+---------+---------+-------+---------
